AoeStats
← Nutty

MegaRandom

510568701Analyzed
4v4 RM · 1d ago on Oct 1, 2026· 36m 4s· 8 players
Game mode
Random Map
Map size
Large (8 player)
Population
200
Speed
Normal
Resources
Standard
Victory
Conquest
Starting age
Dark Age
Ending age
Imperial Age
RankedLock teamsTeams togetherTeam positionsShared explorationLock speedFull tech treeHidden civsTurbo modeCheats
Victory
Defeat
🇨🇳 Franks · China
1322
+13
🇨🇳 Muisca · China
1306
+13
🇹🇼 Slavs · Taiwan
1304
+13
🇯🇵 Chinese · Japan
1299
+14
🇳🇱 Romans · Netherlands
1272
-14
🇪🇸 Georgians · Spain
1250
-13
🇳🇴 Malians · Norway
1234
-13
🇳🇱 Danes · Netherlands
1233
-13
根本赢不了
11:52 Feudal Age
11:31 Loom
16:00 Castle Age
14:15 Fletching
14:26 Double-Bit Axe
18:25 Bow Saw
24:19 Crossbowman
25:59 Bodkin Arrow
27:12 Horse Collar
29:50 Gold Mining
33:52 Imperial Age
31:59 Wheelbarrow
31:09 Town Watch
32:00 Ballistics
32:32 Padded Archer Armor
33:49 Thumb Ring
34:01 Leather Archer Armor
33:53 Capped Ram
35:03 Hand Cart
34:49 Bracer
35:51 Chemistry
35:18 Arbalester
cha0300775
7:18 Loom
10:20 Feudal Age
12:10 Horse Collar
12:16 Double-Bit Axe
20:05 Castle Age
18:52 Bloodlines
18:43 Gold Mining
18:53 Stone Mining
19:48 Scale Barding Armor
20:45 Wheelbarrow
20:49 Husbandry
21:42 Heavy Plow
22:09 Town Watch
24:59 Forging
30:12 Hand Cart
34:01 Bow Saw
34:30 Gold Shaft Mining
37:01 Imperial Age
34:00 Pikeman
34:40 Squires
34:43 Scale Mail Armor
35:19 Iron Casting
36:29 Chain Mail Armor
37:04 Iron Casting
SlyFever
3:24 Loom
6:00 Loom
8:35 Feudal Age
10:17 Double-Bit Axe
18:29 Castle Age
16:49 Forging
17:50 Scale Barding Armor
17:55 Gold Mining
21:52 Chain Barding Armor
25:55 Husbandry
26:39 Gold Shaft Mining
28:25 Iron Casting
33:53 Imperial Age
32:28 Bow Saw
33:58 Cavalier
35:20 Plate Barding Armor
37:02 Blast Furnace
ohawan12312
0:48 Loom
9:26 Feudal Age
9:59 Double-Bit Axe
14:35 Fletching
16:19 Horse Collar
23:07 Castle Age
21:23 Gold Mining
23:11 Crossbowman
23:51 Bodkin Arrow
24:52 Bow Saw
25:33 Wheelbarrow
26:46 Padded Archer Armor
33:59 Leather Archer Armor
33:54 Scale Mail Armor
34:04 Forging
34:40 Ballistics
36:23 Hand Cart
RoboticPro
8:13 Loom
10:01 Feudal Age
11:06 Man-at-Arms
13:29 Scale Mail Armor
14:24 Horse Collar
15:51 Forging
16:44 Double-Bit Axe
22:08 Castle Age
20:49 Stone Mining
20:51 Gold Mining
22:09 Town Watch
23:02 Wheelbarrow
22:50 Long Swordsman
23:30 Squires
24:48 Chain Mail Armor
27:19 Heavy Plow
28:21 Bow Saw
29:06 Pikeman
32:09 Iron Casting
35:06 Hand Cart
37:52 Imperial Age
Nutty
8:18 Loom
10:03 Feudal Age
11:24 Horse Collar
11:30 Double-Bit Axe
18:15 Padded Archer Armor
18:09 Fletching
24:09 Castle Age
26:37 Elite Skirmisher
30:18 Bodkin Arrow
Koba
5:00 Loom
10:37 Feudal Age
13:57 Forging
15:22 Double-Bit Axe
21:17 Castle Age
20:33 Scale Barding Armor
20:36 Gold Mining
20:29 Horse Collar
22:27 Wheelbarrow
22:33 Chain Barding Armor
22:52 Husbandry
22:37 Light Cavalry
25:45 Bloodlines
30:30 Iron Casting
30:51 Town Watch
31:22 Hand Cart
Maudje10
6:01 Loom
9:17 Feudal Age
11:14 Double-Bit Axe
11:29 Horse Collar
13:42 Bloodlines
14:25 Scale Barding Armor
20:47 Forging
22:11 Wheelbarrow
25:08 Castle Age
26:40 Iron Casting
26:31 Chain Barding Armor
28:36 Husbandry
29:18 Bow Saw
31:19 Hand Cart
32:22 Town Watch
Connection lost

Rejoining the realm…

Still unreachable

The connection could not be restored.

Session expired

The server has moved on; the page needs a fresh start.